 Dungeon Crawl Stone Soup version 0.30-a0-218-gedb9141078 (webtiles) character file.

Game seed: 15589940606938788808

340934 Decritt the Slayer (level 22, -19/178 HPs)
             Began as a Djinni Air Elementalist on Oct 5, 2022.
             Was the Champion of Makhleb.
             Demolished by a caustic shrike (25 damage)
             ... on level 3 of the Depths.
             The game lasted 02:25:20 (37123 turns).

Decritt the Slayer (Djinni Air Elementalist)       Turns: 37123, Time: 02:25:21

Health: -19/178    AC:  8    Str:  7    XL:     22   Next: 99%
Gold:   1653       EV: 20    Int: 32    God:    Makhleb [******] SH: 14 Dex: 16

rFire   + + .      SeeInvis +    R - +1 hand crossbow of Burnt Expedience {elec, *Slow rElec rPois rC+++}
rCold   + + +      Faith    .    P - +2 kite shield {AC+3}
rNeg    + + .      Spirit   +    H - +4 moon troll leather armour {Spirit, Regen++ MP+5}
rPois   ∞          Reflect  .    A - +1 hat {Will+}
rElec   +          Harm     .    Q - scarf {rC+ rF+}
rCorr   .          Rampage  .    p - +0 pair of gloves
Will    ++++.                    (boots unavailable)
Stlth   +++++.....               V - amulet of Vitality {RegenMP++ Regen++}
HPRegen 3.69/turn                C - ring "Borph" {rF- rN++ Will+ SInv}
MPRegen 0.00/turn                c - +6 ring of intelligence

@: about to teleport, corroded, flying, studying Stealth
A: sickness immunity, fire resistance 2, cold vulnerability 1, float, innate
caster, HP casting, extra vitality 1
}: 2/15 runes: serpentine, barnacled
a: Renounce Religion, Minor Destruction, Lesser Servant of Makhleb, Major
Destruction, Greater Servant of Makhleb


You were on level 3 of the Depths.
You worshipped Makhleb.
Makhleb was exalted by your worship.
You visited 8 branches of the dungeon, and saw 37 of its levels.
You visited 1 bazaar.

You collected 4640 gold pieces.
You spent 2987 gold pieces at shops.

Inventory:

Hand Weapons
 z - the +6 arbalest of the Delightful God {flame, Will++ Int+3 Dex+2}
   (You took it off a deep elf archer on level 3 of the Elven Halls)

   Any ammunition fired from it burns those it strikes, dealing additional fire
   damage.
   Int:       It affects your intelligence (+3).
   Dex:       It affects your dexterity (+2).
   Will:      It greatly increases your willpower.
 R - the +1 hand crossbow of Burnt Expedience (weapon) {elec, *Slow rElec rPois rC+++}
   (You took it off a deep elf archer on level 3 of the Elven Halls)

   Any ammunition fired from it occasionally discharges a powerful burst of
   electricity upon striking a foe.
   rC:        It renders you almost immune to cold.
   rElec:     It insulates you from electricity.
   rPois:     It protects you from poison.
   *Slow:     It may slow you when you take damage.
Armour
 p - a +0 pair of gloves (worn)
 r - a +2 hat of see invisible
 A - a +1 hat of willpower (worn)
 H - the +4 moon troll leather armour (worn) {Spirit, Regen++ MP+5}
   (You found it on level 12 of the Dungeon)

   MP:        It affects your magic capacity (+5).
   Regen:     It increases your rate of health regeneration.
 L - a +0 cloak of preservation
 O - a +2 kite shield of fire resistance
 P - a +2 kite shield of protection (worn)
 Q - a scarf of resistance (worn)
Magical Staves
 x - a staff of earth
 y - a staff of fire
 G - a staff of conjuration
 I - a staff of death
Jewellery
 c - a +6 ring of intelligence (right hand)
 C - the ring "Borph" (left hand) {rF- rN++ Will+ SInv}
   (You bought it in a shop on level 1 of the Shoals)

   [ring of see invisible]

   rF:        It makes you vulnerable to fire.
   rN:        It greatly protects you from negative energy.
   SInv:      It lets you see invisible.
   Will:      It increases your willpower.
 K - the ring of Pride {+Blink rPois rN+}
   (You found it on level 4 of the Shoals)

   [ring of positive energy]

   rPois:     It protects you from poison.
   rN:        It protects you from negative energy.
   +Blink:    It lets you blink.
 T - the amulet "Fuilaf" {rC+ rN++ Will- Regen+ rCorr}
   (You took it off a deep elf knight on level 3 of the Elven Halls)

   [amulet of regeneration]

   rC:        It protects you from cold.
   rN:        It greatly protects you from negative energy.
   Regen:     It increases your rate of health regeneration.
   rCorr:     It protects you from acid and corrosion.
   Will:      It decreases your willpower.
 V - the amulet of Vitality (around neck) {RegenMP++ Regen++}
   (You took it off a deep elf demonologist on level 3 of the Elven Halls)

   [amulet of magic regeneration]

   It increases your rate of magic regeneration.
   Regen:     It increases your rate of health regeneration.
Wands
 d - a wand of flame (70)
 h - a wand of digging (4)
 s - a wand of iceblast (14)
Scrolls
 a - 4 scrolls of magic mapping
 f - 2 scrolls of blinking
 k - 5 scrolls of fog
 m - 5 scrolls of fear
 t - 6 scrolls of poison
 v - 10 scrolls of teleportation
 E - 8 scrolls of immolation
Potions
 e - 3 potions of brilliance
 g - 12 potions of lignification
 i - 11 potions of mutation
 l - 18 potions of curing
 n - a potion of cancellation
 o - a potion of ambrosia
 q - 7 potions of heal wounds
 u - 7 potions of haste
 B - 2 potions of invisibility
 N - 2 potions of resistance
Miscellaneous
 j - a phantom mirror
 w - a tin of tremorstones (2/2)


   Skills:
 + Level 21.5 Fighting
 + Level 14.6 Armour
 + Level 17.3 Dodging
 - Level 12.0 Stealth
 + Level 12.2 Shields
 * Level 17.7 Spellcasting


You couldn't memorise any spells.
You knew the following spells:

 Your Spells              Type           Power      Damage    Failure   Level
a - Airstrike             Air            48%        2d(7-23)  1%          4
b - Iron Shot             Conj/Erth      48%        9d9       1%          6
c - Fireball              Conj/Fire      48%        3d19      1%          5
d - Monstrous Menagerie   Summ           48%        N/A       2%          7
e - Poisonous Vapours     Pois/Air       100%       N/A       0%          2
f - Vhi's Electric Charg  Tloc/Air       100%       N/A       0%          3
g - Shock                 Conj/Air       100%       1d9       0%          1
h - Sandblast             Erth           100%       2d20      0%          1
i - Metabolic Englaciati  Hex/Ice        48%        N/A       1%          5
j - Simulacrum            Ice/Necr       48%        N/A       1%          6
k - Static Discharge      Conj/Air       100%       2-7/arc   0%          2
l - Cause Fear            Hex            48%        N/A       1%          4
m - Ignition              Fire           48%        3d14      17%         8
s - Swiftness             Air            96%        N/A       0%          3
Your spell library was empty.

Dungeon Overview and Level Annotations

Branches:
Dungeon (15/15)            Temple (1/1) D:4            Lair (5/5) D:8
 Shoals (4/4) Lair:2        Snake (4/4) Lair:2        Slime (0/5) Lair:4
    Orc (2/2) D:11            Elf (3/3) Orc:2        Vaults (0/5) D:13
 Depths (3/4) D:15

Altars:
Ashenzari
Cheibriados
Dithmenos
Elyvilon
Fedhas
Gozag
Hepliaklqana
Makhleb
Nemelex Xobeh
Okawaru
Qazlal
Ru
Trog
Uskayaw
Wu Jian
Xom
Yredelemnul
Zin
The Shining One
Jiyva

Shops:
D:6 *   D:8 :   Orc:2 *=[?   Elf:3 :   Shoals:1 =   Snake:3 [:=:   Depths:1 [

Portals:
Hell: Lair:5 Depths:1 Depths:2
Abyss: Depths:3
Pandemonium: Depths:2
Trove: Elf:2 (give +5 demon blade)

Annotations:
D:7 5 runed translucent doors, exclusion: orange crystal statue, Decritt's ghost, novice OgGl
D:13 1 transporter


Innate Abilities, Weirdness & Mutations

You are immune to sickness and miasma.
You are immune to poison.
Your flesh is very heat resistant. (rF++)
You are vulnerable to cold. (rC-)
You float through the air rather than walking.
You learn spells naturally, not from books.
Your magical power is your life essence.
You have superior vitality. (+4 MHP)


Message History

The caustic shrike is severely wounded.
You block the caustic shrike's attack. The caustic shrike claws you!
The acid corrodes you!
You are splashed with acid.
Casting: Iron Shot (mildly dangerous; 1% risk of failure)
Confirm with . or Enter, or press ? or * to list all spells.
Aiming: Iron Shot (mildly dangerous; 1% risk of failure)
Press: ? - help, Shift-Dir - straight line, f/p - caustic shrike
Aim: a caustic shrike (lava, severely wounded, 55% to hit)
The iron shot hits the caustic shrike!!!
The caustic shrike is almost dead.
The caustic shrike claws you!!
You are splashed with acid!
The caustic shrike claws you!
* * * LOW HITPOINT WARNING * * *
You are splashed with acid.
* * * LOW HITPOINT WARNING * * *
The caustic shrike misses you. You block the caustic shrike's attack.
Casting: Iron Shot (mildly dangerous; 1% risk of failure)
Confirm with . or Enter, or press ? or * to list all spells.
Aiming: Iron Shot (mildly dangerous; 1% risk of failure)
Press: ? - help, Shift-Dir - straight line, f/p - caustic shrike
Aim: a caustic shrike (lava, almost dead, 55% to hit)
The iron shot misses the caustic shrike.
* * * LOW HITPOINT WARNING * * *
You block the caustic shrike's attack.
The caustic shrike completely misses you.
The caustic shrike barely misses you. The caustic shrike claws you.
* * * LOW HITPOINT WARNING * * *
The acid corrodes you!
You are splashed with acid!
* * * LOW HITPOINT WARNING * * *
As you read the scroll of teleportation, it crumbles to dust.
You feel strangely unstable. The caustic shrike claws you!!
* * * LOW HITPOINT WARNING * * *
You are splashed with acid!
* * * LOW HITPOINT WARNING * * *
The caustic shrike claws you!!
* * * LOW HITPOINT WARNING * * *
You are splashed with acid!
* * * LOW HITPOINT WARNING * * *
The caustic shrike claws you!!
You die...

........≈§≈).≈.##..(##
......§§§...≈...####
#.....§§.§........###
....
......§§.)..........
...##...........#.###.##
...#≈..........#.#.....
#..##.)......#.###.#.#.
...#≈≈§...............
#..#≈@≈.......###.#.#.
#..#bb≈.......#...#.#.
#.)#)≈§.......#.###.##
#..(..................
#.i##........#######.#
#.Z###.....§...# #.#
#..# #....≈≈...### #..
...###...§≈≈≈≈...# ##.
#..##...≈.≈≈§≈....####.


You could see 2 caustic shrikes, a spriggan defender and a shadow dragon zombie.

Vanquished Creatures
  Mara (Elf:3)
  Vv (Depths:2)
  Saint Roka (Snake:2)
  2 caustic shrikes (Depths:2)
  Vashnia (Snake:4)
  2 golden dragons
  Nikola (Snake:2)
  A tentacled monstrosity (Depths:2)
  Asterion (Depths:1)
  A lich (Depths:2)
  3 deep elf blademasters
  A titan (Depths:2)
  Gastronok (D:8)
  2 deep elf master archers (Elf:3)
  Agnes (D:14)
  A shadow dragon (Depths:2)
  A sphinx (Depths:3)
  Roxanne (Snake:4)
  A kraken (Shoals:4)
  Kirke (D:15)
  A tengu reaver (Depths:2)
  5 nagarajas
  4 fire giants
  5 frost giants
  Aizul (Snake:3)
  Louise (Snake:3)
  An iron dragon (Depths:2)
  An emperor scorpion (D:15)
  A spriggan defender (Depths:3)
  3 deep elf elementalists (Elf:3)
  6 deep elf sorcerers
  9 stone giants
  9 very ugly things
  7 deep elf demonologists
  A vampire knight (Depths:2)
  2 minotaurs (Shoals:4)
  3 deep elf annihilators (Elf:3)
  A dire elephant (Lair:5)
  Azrael (D:13)
  8 spark wasps
  5 merfolk impalers
  Snorg (D:13)
  5 deep elf death magi (Elf:3)
  2 deep elf high priests (Elf:3)
  An entropy weaver (shapeshifter) (Elf:1)
  An ettin (Depths:3)
  2 jiangshi (Depths:1)
  2 fire dragons (Depths:2)
  4 salamander tyrants
  Erolcha (D:13)
  Harold (Orc:1)
  6 ice dragons
  4 spriggan air magi
  10 hydras
  4 rakshasas
  A catoblepas (Lair:1)
  A vault guard (D:13)
  An anaconda (shapeshifter) (Elf:1)
  Erica (D:8)
  9 anacondas
  7 centaur warriors
  9 satyrs
  7 boulder beetles
  28 dancing weapons
  6 tengu warriors
  5 merfolk aquamancers
  18 naga warriors
  Urug (Orc:1)
  4 death yaks
  15 naga sharpshooters
  6 deep troll earth magi
  5 orc high priests
  A deep troll shaman (Depths:1)
  2 vampire magi
  A storm dragon zombie (Depths:3)
  A sun demon (Lair:5)
  3 spriggan berserkers (Depths:3)
  Sonja (D:13)
  9 shock serpents
  20 deep elf knights
  Nergalle (Lair:2)
  An iron troll (Depths:1)
  9 salamander mystics
  6 deep trolls
  5 sea snakes
  Lodul (D:13)
  9 naga ritualists
  7 orc knights
  3 glowing orange brains
  6 deep elf archers
  A wizard (Lair:5)
  A phantasmal warrior (Snake:3)
  32 harpies
  11 mana vipers
  An orange crystal statue (D:9)
  29 deep elf zephyrmancers
  A necromancer (Depths:3)
  32 deep elf pyromancers
  28 ugly things
  An iron dragon zombie (Depths:3)
  11 fauns
  22 salamanders
  11 cyclopes
  18 manticores
  A faun (shapeshifter) (Depths:2)
  Joseph (D:8)
  8 merfolk sirens
  7 elephants
  8 orc sorcerers
  10 guardian serpents
  19 naga magi
  8 water nymphs
  A smoke demon (Depths:2)
  A gargoyle (D:12)
  47 black mambas
  2 orange demons (Lair:5)
  A storm dragon simulacrum (Depths:3)
  6 komodo dragons
  9 cane toads
  3 rime drakes
  A yaktaur (shapeshifter) (D:13)
  2 kobold demonologists
  4 yaktaurs (D:15)
  A komodo dragon (shapeshifter) (D:13)
  2 spectral nagas (Snake:3)
  2 ice devils (Lair:5)
  3 tengu conjurers
  A hellwing (Lair:5)
  22 merfolk
  A queen bee (shapeshifter) (Depths:1)
  3 meliai (D:14)
  A red devil (Lair:5)
  8 trolls
  Grinder (D:3)
  7 wind drakes
  2 polar bears (Lair:5)
  5 blink frogs (Lair:4)
  21 slime creatures
  2 hornets
  4 dream sheep (Lair:3)
  14 snapping turtles
  27 water elementals
  A culicivora (shapeshifter) (D:15)
  A spriggan (Depths:3)
  A shadow (D:12)
  4 wraiths
  2 air elementals
  5 hogs (D:15)
  4 wyverns
  3 fire elementals
  39 yaks
  A basilisk (Lair:5)
  Grum (D:11)
  A steam dragon (D:9)
  Menkaure (D:7)
  5 wargs
  34 nagas
  Edmund (D:4)
  9 hell hounds
  20 water moccasins
  24 orc warriors
  4 ice beasts
  A black bear (Lair:1)
  A sky beast (D:8)
  14 ogres
  30 wolves
  8 centaurs
  5 kobold brigands
  4 gnoll sergeants
  12 bullfrogs
  3 earth elementals
  3 scorpions
  16 wights
  9 killer bees
  A howler monkey (D:5)
  3 electric eels
  5 jellies
  16 orc priests
  A gnoll bouda (D:7)
  7 hounds
  An iguana (D:7)
  21 orc wizards
  35 gnolls
  11 adders
  2 shadow imps
  A white imp (D:5)
  An ufetubus (D:5)
  2 worms
  A dart slug (D:1)
  71 orcs
  7 endoplasms
  8 giant cockroaches
  12 goblins
  4 hobgoblins
  2 quokkas
  7 ball pythons
  5 bats
  5 frilled lizards
  23 kobolds
  6 rats
  3 tentacles (Shoals:4)
1347 creatures vanquished.

Vanquished Creatures (collateral kills)
  A sphinx (Shoals:4)
  A minotaur (Shoals:4)
  A nameless horror (Shoals:4)
  A harpy (Shoals:4)
  2 fauns (Shoals:4)
  2 manticores (Shoals:4)
  A cane toad (Lair:5)
  A polar bear (Lair:5)
  2 merfolk (Shoals:4)
  A hell hound (Lair:5)
13 creatures vanquished.

Vanquished Creatures (others)
  A naga (Snake:2)
  An orc priest (Orc:2)
  33 fungi
  84 plants
  3 tentacles (Shoals:4)
  A withered plant (Depths:1)
123 creatures vanquished.

Grand Total: 1483 creatures vanquished

Notes
Turn   | Place    | Note
-------+----------+-------------------------------------------
     0 | D:1      | Decritt the Djinni Air Elementalist began the quest for the
                  | Orb.
     0 | D:1      | Decritt set off with the following spells memorised: Shock,
                  | Static Discharge, Swiftness, Airstrike.
     0 | D:1      | Reached XP level 1. HP: 15/15 MP: 0/0
    67 | D:1      | Found a faded altar of an unknown god.
   261 | D:1      | Reached XP level 2. HP: 21/22 MP: 0/0
   272 | D:1      | Reached skill level 1 in Fighting
   466 | D:1      | Reached XP level 3. HP: 25/27 MP: 0/0
   466 | D:1      | Learned a level 1 spell: Sandblast
  1210 | D:2      | Reached skill level 2 in Fighting
  1239 | D:2      | Reached XP level 4. HP: 21/33 MP: 0/0
  1904 | D:2      | Reached XP level 5. HP: 36/40 MP: 0/0
  1904 | D:2      | Learned a level 2 spell: Poisonous Vapours
  2194 | D:3      | You are sucked into a shaft and drop 3 floors!
  2202 | D:6      | Noticed an ice beast
  2208 | D:5      | Entered Level 5 of the Dungeon
  2394 | D:5      | Reached skill level 3 in Fighting
  2413 | D:5      | Noticed an ogre
  2426 | D:4      | Noticed Edmund
  2449 | D:4      | HP: 2/40 [orc/silver boomerang (1)]
  2459 | D:4      | Killed Edmund
  2460 | D:4      | Reached skill level 4 in Fighting
  2460 | D:4      | Reached XP level 6. HP: 17/47 MP: 0/0
  2790 | D:3      | Noticed Grinder
  2793 | D:3      | Paralysed by Grinder for 3 turns
  2800 | D:3      | Killed Grinder
  2801 | D:3      | Reached skill level 5 in Fighting
  2801 | D:3      | Reached XP level 7. HP: 44/54 MP: 0/0
  2801 | D:3      | Learned a level 3 spell: Vhi's Electric Charge
  2897 | D:3      | Found a glowing golden altar of the Shining One.
  3782 | D:4      | Reached skill level 1 in Armour
  3782 | D:4      | Reached XP level 8. HP: 37/60 MP: 0/0
  3785 | D:4      | Reached skill level 5 in Spellcasting
  4477 | D:4      | Found a staircase to the Ecumenical Temple.
  4486 | Temple   | Entered the Ecumenical Temple
  4860 | D:5      | Reached skill level 6 in Fighting
  5341 | D:5      | Reached XP level 9. HP: 63/67 MP: 0/0
  5341 | D:5      | Learned a level 4 spell: Cause Fear
  5585 | D:6      | Reached skill level 7 in Fighting
  5902 | D:6      | Found Xuxemo's General Store.
  6580 | D:6      | Found a sparkling altar of Nemelex Xobeh.
  6967 | D:7      | Found a runed translucent gate.
  6967 | D:7      | Found a runed translucent gate.
  6968 | D:7      | Found a runed translucent gate.
  6969 | D:7      | Noticed Menkaure
  6971 | D:7      | Killed Menkaure
  7017 | D:7      | Found a runed translucent door.
  7020 | D:7      | Found the +10 tower shield of Ignorance {rN+ Int-4}
  7035 | D:7      | Found a runed translucent door.
  7039 | D:7      | Noticed an orange crystal statue
  7236 | D:7      | Reached skill level 8 in Fighting
  7236 | D:7      | Reached skill level 5 in Dodging
  7390 | D:7      | Noticed Decritt's ghost (novice OgGl)
  7531 | D:7      | Reached XP level 10. HP: 47/76 MP: 0/0
  8512 | D:8      | Found a staircase to the Lair.
  8703 | D:8      | Found Amipt's Book Boutique.
  8769 | D:8      | Reached skill level 9 in Fighting
  8858 | D:8      | Noticed Gastronok
  8871 | D:8      | Killed Gastronok
  8872 | D:8      | Reached skill level 5 in Armour
  8906 | D:8      | Noticed Erica
  8949 | D:8      | Killed Erica
  8950 | D:8      | Reached XP level 11. HP: 50/85 MP: 0/0
  8950 | D:8      | Learned a level 5 spell: Fireball
  9125 | D:8      | Found a blossoming altar of Fedhas.
  9185 | D:8      | Noticed Joseph
  9194 | D:8      | Killed Joseph
  9199 | D:8      | Reached skill level 1 in Shields
  9605 | D:9      | Noticed an orange crystal statue
  9617 | D:9      | Reached skill level 10 in Fighting
  9699 | D:9      | Noticed a two-headed ogre
  9700 | D:9      | Killed an orange crystal statue
  9717 | D:9      | Identified the +1 plate armour of Daisies {Drain rElec
                  | rPois Dex+4}
  9824 | D:9      | Found an opulent altar of Gozag.
  9877 | D:9      | Found a basalt altar of Yredelemnul.
  9877 | D:9      | Found a burning altar of Makhleb.
  9886 | D:9      | Became a worshipper of Makhleb the Destroyer
 10319 | D:9      | Noticed a cyclops
 10320 | D:9      | Noticed a centaur warrior
 10324 | D:9      | Noticed a boulder beetle
 10324 | D:9      | Noticed a manticore
 10327 | D:9      | Noticed a centaur warrior
 10701 | D:9      | Killed a manticore
 10702 | D:9      | Killed a cyclops
 10749 | D:9      | Killed a boulder beetle
 10919 | D:9      | Killed a centaur warrior
 10923 | D:9      | Killed a centaur warrior
 11013 | D:10     | Entered Level 10 of the Dungeon
 11014 | D:10     | Found a shimmering altar of Xom.
 11014 | D:10     | Found a glowing silver altar of Zin.
 11014 | D:10     | Noticed an angel
 11102 | D:10     | Reached * piety under Makhleb
 11264 | D:10     | Reached XP level 12. HP: 77/93 MP: 0/0
 11812 | D:10     | Reached skill level 11 in Fighting
 12158 | D:11     | Noticed a boulder beetle
 12172 | D:10     | Killed a boulder beetle
 12252 | D:11     | Reached ** piety under Makhleb
 12271 | D:11     | Found a staircase to the Orcish Mines.
 12432 | D:11     | Noticed Grum
 12437 | D:11     | Killed Grum
 13005 | D:12     | Identified the +0 robe of Charity {rC+++ Dex+4}
 13011 | D:12     | Reached XP level 13. HP: 93/100 MP: 0/0
 13011 | D:12     | Learned a level 5 spell: Metabolic Englaciation
 13049 | D:12     | Noticed a five-headed hydra
 13054 | D:12     | Killed a five-headed hydra
 13055 | D:12     | Reached skill level 12 in Fighting
 13061 | D:12     | Reached skill level 5 in Shields
 13470 | D:12     | Reached skill level 10 in Spellcasting
 13758 | D:12     | Reached *** piety under Makhleb
 13916 | D:12     | Found the +4 moon troll leather armour {Spirit, Regen++
                  | MP+5}
 14036 | D:12     | Identified the +10 chain mail of the Engineer {Dex+5}
 14560 | Lair:1   | Entered Level 1 of the Lair of Beasts
 14631 | Lair:1   | Noticed a catoblepas
 14639 | Lair:1   | Killed a catoblepas
 14801 | Lair:1   | Reached skill level 13 in Fighting
 15345 | Lair:2   | Found a staircase to the Snake Pit.
 15435 | Lair:2   | Noticed Nergalle
 15440 | Lair:2   | Killed Nergalle
 15480 | Lair:2   | Reached XP level 14. HP: 100/110 MP: 0/0
 16038 | Lair:2   | Found a staircase to the Shoals.
 16199 | Lair:3   | Reached **** piety under Makhleb
 16280 | Lair:3   | Reached skill level 10 in Dodging
 16300 | Lair:3   | Reached skill level 14 in Fighting
 17506 | Lair:4   | Found a runed translucent door.
 17511 | Lair:4   | Found a viscous altar of Jiyva.
 17512 | Lair:4   | Found a staircase to the Slime Pits.
 17676 | Lair:5   | Entered Level 5 of the Lair of Beasts
 17732 | Lair:5   | Found a shadowy altar of Dithmenos.
 17734 | Lair:5   | Reached ***** piety under Makhleb
 17773 | Lair:5   | Reached skill level 15 in Fighting
 17993 | Lair:5   | Noticed a dire elephant
 18031 | Lair:5   | Killed a dire elephant
 18032 | Lair:5   | Reached XP level 15. HP: 65/121 MP: 0/0
 18032 | Lair:5   | Learned a level 6 spell: Simulacrum
 18544 | Lair:5   | Reached skill level 16 in Fighting
 18565 | Lair:5   | Found a burning altar of Makhleb.
 18579 | Lair:5   | Found a gateway to Hell.
 18590 | Lair:5   | Identified the +7 battleaxe of World Downfall {freeze,
                  | rElec rC- Will++}
 19149 | Orc:1    | Entered Level 1 of the Orcish Mines
 19165 | Orc:1    | Noticed Urug
 19172 | Orc:1    | Killed Urug
 19222 | Orc:1    | Reached skill level 10 in Armour
 19311 | Orc:1    | Noticed Harold
 19317 | Orc:1    | Killed Harold
 19666 | Orc:2    | Entered Level 2 of the Orcish Mines
 19744 | Orc:2    | Found a staircase to the Elven Halls.
 19950 | Orc:2    | Found Ubopp's Magic Scroll Emporium.
 19952 | Orc:2    | Reached ****** piety under Makhleb
 19969 | Orc:2    | Reached skill level 17 in Fighting
 20000 | Orc:2    | Found Taitis's Jewellery Shop.
 20007 | Orc:2    | Bought an amulet of regeneration for 330 gold pieces
 20017 | Orc:2    | Found Ymeo's Assorted Antiques.
 20019 | Orc:2    | Found Yvir Qawk's Armour Emporium.
 20555 | Shoals:1 | Entered Level 1 of the Shoals
 20666 | Shoals:1 | Found Guenla Weck's Jewellery Shoppe.
 20786 | Shoals:1 | Reached XP level 16. HP: 119/130 MP: 0/0
 20843 | Shoals:1 | You are sucked into a shaft and drop 1 floor!
 21709 | Shoals:2 | Reached skill level 18 in Fighting
 22845 | Shoals:4 | Entered Level 4 of the Shoals
 22872 | Shoals:4 | Reached XP level 17. HP: 130/139 MP: 0/0
 22872 | Shoals:4 | Learned a level 7 spell: Monstrous Menagerie
 23033 | Shoals:4 | Noticed a sphinx
 23258 | Shoals:4 | Identified the ring of Pride {+Blink rPois rN+}
 23289 | Shoals:4 | Noticed a kraken
 23294 | Shoals:4 | Killed a kraken
 23316 | Shoals:4 | Got a barnacled rune of Zot
 23354 | Shoals:4 | Killed a sphinx
 23797 | Snake:1  | Entered Level 1 of the Snake Pit
 23923 | Snake:1  | Reached skill level 19 in Fighting
 24440 | Snake:2  | Reached XP level 18. HP: 111/148 MP: 0/0
 24480 | Snake:2  | Found a shadowy altar of Dithmenos.
 24645 | Snake:2  | Noticed Nikola
 24662 | Snake:2  | Killed Nikola
 24880 | Snake:2  | Noticed Saint Roka
 24889 | Snake:2  | Killed Saint Roka
 25390 | Snake:3  | Found Hauqall's Book Shop.
 25390 | Snake:3  | Found Tout's Jewellery Emporium.
 25394 | Snake:3  | Found Raeprun's Book Shop.
 25394 | Snake:3  | Noticed Aizul
 25403 | Snake:3  | Killed Aizul
 25520 | Snake:3  | Bought a manual of Stealth for 1360 gold pieces
 25550 | Snake:3  | Noticed Louise
 25558 | Snake:3  | Killed Louise
 25577 | Snake:3  | Found Dyavvol's Antique Armour Shop.
 25718 | Snake:3  | Reached skill level 15 in Spellcasting
 26441 | Snake:4  | Entered Level 4 of the Snake Pit
 26509 | Snake:4  | Reached skill level 20 in Fighting
 26554 | Snake:4  | Noticed Roxanne
 26579 | Snake:4  | Reached XP level 19. HP: 122/156 MP: 0/0
 26579 | Snake:4  | Learned a level 6 spell: Iron Shot
 26660 | Snake:4  | Killed Roxanne
 26925 | Snake:4  | Reached skill level 5 in Stealth
 26966 | Snake:4  | Noticed Vashnia
 26970 | Snake:4  | Killed Vashnia
 26971 | Snake:4  | Reached skill level 15 in Dodging
 27105 | Snake:4  | Got a serpentine rune of Zot
 27935 | D:13     | Found a gate to the Vaults.
 28052 | D:13     | Identified the +0 scimitar "Zuar" {freeze, Int+4 Stlth+}
 28063 | D:13     | Noticed Azrael
 28063 | D:13     | Noticed Erolcha
 28084 | D:13     | Killed Azrael
 28086 | D:13     | Killed Erolcha
 28090 | D:13     | Noticed Snorg
 28095 | D:13     | Killed Snorg
 28131 | D:13     | Noticed Lodul
 28134 | D:13     | Killed Lodul
 28156 | D:13     | Found a transporter.
 28353 | D:13     | Found a transporter.
 28360 | D:13     | Noticed Sonja
 28361 | D:13     | Killed Sonja
 28579 | D:14     | Noticed Agnes
 28583 | D:14     | Killed Agnes
 28620 | D:14     | Reached XP level 20. HP: 128/163 MP: 0/0
 28919 | D:15     | Entered Level 15 of the Dungeon
 29242 | D:15     | Noticed Kirke
 29247 | D:15     | Killed Kirke
 29511 | D:15     | Found a staircase to the Depths.
 29872 | Depths:1 | Entered Level 1 of the Depths
 30054 | Elf:1    | Entered Level 1 of the Elven Halls
 30183 | Elf:1    | Reached skill level 10 in Shields
 30189 | Elf:1    | Noticed a Brimstone Fiend
 30755 | Elf:1    | Found a frozen archway.
 30973 | Elf:2    | Found a huge runed translucent gate.
 30973 | Elf:2    | Found a huge runed translucent gate.
 30973 | Elf:2    | Found a huge runed translucent gate.
 30973 | Elf:2    | Found a huge runed translucent gate.
 30973 | Elf:2    | Found a huge runed translucent gate.
 31074 | Elf:2    | Found a portal to a secret trove of treasure.
 31190 | Elf:2    | Paralysed by an air elemental for 1 turns
 31333 | Elf:2    | Found a gateway to a bazaar.
 31521 | Bazaar   | Entered a bazaar
 31530 | Bazaar   | Found Jys Uhisye's Antique Weapon Emporium.
 31543 | Bazaar   | Found Filew's Antique Weapon Shoppe.
 31560 | Bazaar   | Found Reikar's Antique Armour Shoppe.
 31571 | Bazaar   | Found Zinerr Baxuf's Antique Armour Emporium.
 31593 | Bazaar   | Bought a glowing scarf for 200 gold pieces
 31593 | Bazaar   | Bought an embroidered scarf for 200 gold pieces
 31593 | Bazaar   | Bought a distressingly furry ring mail for 225 gold pieces
 31593 | Bazaar   | Identified the +2 ring mail of Seavodd {rF+ rCorr MP+9
                  | Str+4} (You bought it in a shop in a bazaar)
 31593 | Bazaar   | Bought a slimy leather armour for 175 gold pieces
 31593 | Bazaar   | Identified the +6 leather armour "Raent" {-Cast rElec rF++
                  | Regen+} (You bought it in a shop in a bazaar)
 31806 | Elf:2    | Reached XP level 21. HP: 164/169 MP: 0/0
 31806 | Elf:2    | Learned a level 8 spell: Ignition
 32204 | Elf:3    | Entered Level 3 of the Elven Halls
 32220 | Elf:3    | Noticed Mara
 32225 | Elf:3    | Killed Mara
 32293 | Elf:3    | Paralysed by an air elemental for 1 turns
 32319 | Elf:3    | Noticed a Tzitzimitl
 32640 | Elf:3    | Identified the +6 spear "Zugowel" {speed, rPois rC- Int+7}
 32814 | Elf:3    | Reached skill level 21 in Fighting
 32832 | Elf:3    | Reached skill level 10 in Stealth
 33043 | Elf:3    | Identified the +9 morningstar of Proximity {antimagic,
                  | *Noise rPois rF+}
 33043 | Elf:3    | Identified the amulet "Fuilaf" {rC+ rN++ Will- Regen+
                  | rCorr}
 33092 | Elf:3    | Identified the +1 hand crossbow of Burnt Expedience {elec,
                  | *Slow rElec rPois rC+++}
 33568 | Elf:3    | Identified the +0 halberd of the Jester {antimagic, *Rage
                  | rElec Str+3}
 33625 | Elf:3    | Found Fumn's Book Emporium.
 33651 | Elf:3    | Identified the +6 arbalest of the Delightful God {flame,
                  | Will++ Int+3 Dex+2}
 34378 | Shoals:1 | Bought the ring "Borph" {rF- rN++ Will+ SInv} for 497 gold
                  | pieces
 35040 | Depths:1 | Noticed Asterion
 35045 | Depths:1 | Reached XP level 22. HP: 147/178 MP: 0/0
 35054 | Depths:1 | Killed Asterion
 35106 | Depths:1 | Identified the amulet "Hyvo" {Spirit rCorr Int+4 Dex+4
                  | Slay+2}
 35382 | Depths:1 | Found Laethe's Armour Emporium.
 35512 | Depths:2 | Found a one-way gate leading to the halls of Pandemonium.
 35660 | Depths:2 | Noticed Vv
 35673 | Depths:2 | Killed Vv
 35798 | Depths:2 | Noticed a golden dragon
 35810 | Depths:2 | Killed a golden dragon
 35811 | Depths:2 | Noticed a caustic shrike
 36256 | Depths:2 | Noticed a caustic shrike
 36262 | Depths:2 | Killed a caustic shrike
 36270 | Depths:2 | Killed a caustic shrike
 36469 | Depths:3 | Noticed a golden dragon
 36524 | Depths:3 | Killed a golden dragon
 37042 | Depths:3 | Found a one-way gate to the infinite horrors of the Abyss.
 37107 | Depths:3 | Identified the +6 rapier of Oily Indomitability {vamp,
                  | +Blink Dex+2}
 37114 | Depths:3 | Noticed a caustic shrike
 37118 | Depths:3 | Noticed a caustic shrike
 37123 | Depths:3 | HP: 6/178 [acid (8)]
 37123 | Depths:3 | Demolished by a caustic shrike

Illustrated notes

Levels and vault maps discovered:
D:1:      onia_arrival_mini_spirals, layout_basic,
          hellmonk_ecumenical_altar_blasted
D:2:      layout_basic
D:3:      layout_loops_ring, nicolae_overflow_crystal_walls, uniq_grinder
D:4:      layout_cave_pools, minmay_temple_entry_poolview, uniq_edmund
D:5:      layout_cave_pools
D:6:      layout_gridville, vehumet_altar_wand_db, nemelex_spade_bored_becter,
          serial_shops, nicolae_shop_window_shopping, minmay_misc_feat_room
D:7:      layout_loops_ring, gammafunk_ghost_icy,
          chequers_guarded_unrand_ignorance, uniq_menkaure
D:8:      lemuel_ice_spiral_2, layout_basic, mainiacjoe_overflow_chevrons,
          erik_lair_island, serial_shops, nicolae_diamond_shop, uniq_joseph,
          uniq_erica, uniq_gastronok
D:9:      minmay_chambers_of_sevens, layout_basic,
          nicolae_gozag_cash_rules_everything_around_me,
          mainiacjoe_overflow_large_starburst, minmay_statue_bubble
D:10:     layout_irregular_city, grunt_temple_overflow_order_and_chaos_1
D:11:     layout_layer_cave, minmay_orc_entry_guard_dogs, uniq_grum
D:12:     minmay_the_grid_net [minmay_the_grid_square_x, minmay_the_grid_tree,
          minmay_the_grid_paths, minmay_the_grid_empty,
          minmay_the_grid_minigrid_large, minmay_the_grid_prize_trominoes],
          layout_layer_cave
D:13:     gammafunk_dig_for_victory, layout_small_grid, david_vaults_5,
          uniq_lodul, uniq_azrael, uniq_sonja, uniq_snorg, uniq_erolcha
D:14:     layout_cross, minmay_crystal_water, uniq_agnes
D:15:     hangedman_depths_entry_try_elsewhere_first, layout_loops_corners,
          roderic_lattice_octagonal_star, hangedman_decor_growths, uniq_kirke
Temple:   oiseaux_autumnal_temple
Lair:1:   layout_chaotic_city, grunt_megastairs_5, serial_bayou_shore_b
Lair:2:   layout_small_grid, minmay_shoals_entry_hut,
          guppyfry_snake_entry_garden, nicolae_quartered_pool_impasse,
          uniq_nergalle
Lair:3:   nzn_winding_woodlands_three_and_one
          [nzn_winding_woodlands_5x15_lazy_stream,
          nzn_winding_woodlands_5x15_concentric,
          nzn_winding_woodlands_5x15_parted,
          nzn_winding_woodlands_center_triple_pond], layout_regular_city
Lair:4:   layout_big_grid, slime_entry_2
Lair:5:   evil_forest, layout_hall_layers, basic_altar
Shoals:1: layout_shoals, serial_shops, shop, nicolae_splish_splash
Shoals:2: layout_shoals, nicolae_shoals_land_atoll,
          nicolae_shoals_stone_sculpture_thing, uniq_polyphemus
Shoals:3: layout_shoals
Shoals:4: shoals_end_hellmonk_lost_city
Snake:1:  layout_rooms, grunt_megastairs_2
Snake:2:  hangedman_cross_stitches, layout_onion_interference, basic_altar,
          grunt_megastairs_4, uniq_nikola, uniq_saint_roka
Snake:3:  layout_cave_town, serial_shops, nicolae_shop_waterfront,
          nicolae_snake_gridmaze_zigzag, nicolae_snake_ghostly_warrior_ritual,
          minmay_shop_grove, lemuel_fruit_tree, uniq_aizul, uniq_louise
Snake:4:  grunt_snake_rune_serpentine_throne, layout_cave_town, uniq_roxanne
Orc:1:    layout_diamond_mine, basic_altar, uniq_harold, uniq_urug
Orc:2:    st_orc_elflike, layout_diamond_mine
Elf:1:    nicolae_elf_arrival_no_cutting_in_line, layout_loops_cross,
          portal_ice_cave_entry_pillars_1, minmay_elf_demonology,
          nicolae_elf_deep_friendship
Elf:2:    elven_hall_of_blades_hangedman_alternative
          [nicolae_blade_entry_sentries_behind_glass], layout_gridlike,
          serial_sigils, serial_sigils_hangedman_clutch,
          serial_sigils_hangedman_confine, serial_sigils_hangedman_shear,
          serial_sigils_hangedman_shear, serial_shops, statue_bzr,
          enter_trove_1, grunt_ministairs_6
Elf:3:    grunt_elf_hall_spiral, layout_geoelf_grid, serial_glass,
          glass_columns_b, glass_columns_b, serial_shops, shop, basic_altar,
          minmay_misc_feat_columns, uniq_mara
Depths:1: layout_cave_pools, kiku_gazebo_garden_becter, serial_shops, shop,
          hell_entry, lemuel_old_faithful, uniq_asterion
Depths:2: thingy_vault, layout_honeycomb, minmay_misc_feat_hallway,
          grunt_pan_entry_zigzag, hell_entry, infiniplex_staircase_x, uniq_vv
Depths:3: grunt_x_marks_the_spot, layout_cave_pools, pan_entry, hell_entry,
          abyss_entry_small_statue_room, minmay_misc_feat_roman,
          ashenzari_altar_1, serial_bayou_shore_a

Skill      XL: |  1  2  3  4  5  6  7  8  9 10 11 12 13 14 15 16 17 18 19 20 21 22 |
---------------+-------------------------------------------------------------------+-----
Fighting       | 1 2 4 5 6 8 9 10 11 13 15 17 18 19 20 21 | 21.5
Spellcasting   | 3 4 5 6 7 8 9 10 11 12 13 14 15 16 17 | 17.7
Armour         | 1 2 4 5 6 7 8 9 10 11 12 13 14 | 14.6
Dodging        | 3 5 6 7 8 9 10 11 12 13 14 15 16 17 | 17.3
Shields        | 3 4 6 8 9 10 11 12 | 12.2
Stealth        | 3 6 8 10 12 | 12.0

Action                   |  1- 3 |  4- 6 |  7- 9 | 10-12 | 13-15 | 16-18 | 19-21 | 22-24 || total
-------------------------+-------+-------+-------+-------+-------+-------+-------+-------++-------
Melee: Whip              |       |     9 |       |       |       |       |       |       ||     9
       Staff             |       |       |       |     1 |     7 |     1 |     2 |       ||    11
 Fire: Hand crossbow     |       |       |       |       |       |       |     2 |    17 ||    19
 Cast: Shock             |    52 |    38 |    13 |     3 |       |       |       |       ||   106
       Sandblast         |    13 |    48 |    21 |       |       |       |       |       ||    82
       Poisonous Vapours |       |     8 |       |       |       |       |       |       ||     8
       Static Discharge  |       |     2 |       |       |    11 |       |       |       ||    13
       Airstrike         |       |       |   125 |   237 |   302 |   725 |   341 |     7 ||  1737
       Fireball          |       |       |       |    64 |   257 |   166 |    62 |       ||   549
       Cause Fear        |       |       |       |     1 |     1 |       |       |       ||     2
       Vhi's Electric Ch |       |       |       |       |     1 |       |       |       ||     1
       Metabolic Englaci |       |       |       |       |     1 |       |       |       ||     1
       Simulacrum        |       |       |       |       |     4 |       |       |       ||     4
       Monstrous Menager |       |       |       |       |       |    17 |       |       ||    17
       Iron Shot         |       |       |       |       |       |       |   447 |   295 ||   742
Evoke: Wand              |       |       |       |       |       |       |     1 |       ||     1
  Use: Scroll            |       |    11 |     7 |     8 |     8 |     2 |     5 |     2 ||    43
       Potion            |       |     7 |       |     1 |     1 |       |     1 |       ||    10
Armor: Robe              |       |    20 |    10 |       |       |       |       |       ||    30
       Leather armour    |       |       |     6 |     3 |       |       |       |       ||     9
       Troll leather arm |       |       |       |    11 |    50 |    93 |    95 |    43 ||   292
Dodge: Dodged            |    11 |    51 |    23 |    30 |    87 |   200 |   143 |   119 ||   664
Block: Buckler           |       |       |       |    14 |    41 |   136 |     7 |       ||   198
       Kite shield       |       |       |       |       |       |       |   160 |   114 ||   274

Table legend: (Time is in decaauts)
 A = Elapsed time spent in this place.
 B = Non-inter-level travel time spent in this place.
 C = Inter-level travel time spent in this place.
 D = Time resting spent in this place.
 E = Time spent auto-exploring this place.
 F = Levels seen in this place.
 G = Mean time per level.
                   A        B        C        D        E       F      G
               +--------+--------+--------+--------+--------+-----+--------+
         Total |  37224 |  34379 |   2845 |   5827 |  21438 |  38 |  979.6 |
       Dungeon |  17016 |  15828 |   1188 |   3590 |   9781 |  15 | 1134.4 |
        Temple |    252 |    210 |     42 |      0 |    198 |   1 |  252.0 |
          Lair |   4766 |   4284 |    482 |    294 |   3231 |   5 |  953.2 |
        Shoals |   3337 |   3110 |    227 |    116 |   2168 |   4 |  834.2 |
     Snake Pit |   3892 |   3762 |    130 |    417 |   2328 |   4 |  973.0 |
  Orcish Mines |   1469 |   1101 |    368 |     42 |    785 |   2 |  734.5 |
   Elven Halls |   4178 |   3848 |    330 |   1062 |   1767 |   3 | 1392.7 |
        Depths |   2213 |   2137 |     76 |    306 |   1127 |   3 |  737.7 |
        Bazaar |     96 |     96 |      0 |      0 |     53 |   1 |   96.0 |
               +--------+--------+--------+--------+--------+-----+--------+

Top non-repeatable levels by time:
   Elf:3: 1926 daAuts
    D:12: 1819 daAuts
     D:8: 1533 daAuts
     D:9: 1519 daAuts
     D:7: 1385 daAuts
 Snake:3: 1318 daAuts
   Elf:2: 1311 daAuts
     D:3: 1306 daAuts
    D:10: 1216 daAuts
     D:6: 1205 daAuts
     D:1: 1201 daAuts
Depths:2: 1190 daAuts
 Snake:4: 1181 daAuts
  Lair:5: 1054 daAuts
    D:15: 1013 daAuts
